 Dungeon Crawl Stone Soup version 0.30.2 (webtiles) character file.

Game seed: 18134162611516665808

109 porpoise the Cutter (level 4, -4/35 HPs)
             Began as a Demonspawn Brigand on Jan 24, 2024.
             Constricted to death by Natasha (5 damage)
             ... on level 2 of the Dungeon.
             The game lasted 00:03:48 (1713 turns).

porpoise the Cutter (Demonspawn Brigand)            Turns: 1713, Time: 00:03:48

Health: -4/35      AC:  7    Str: 11    XL:     4   Next: 59%
Magic:  4/4        EV:  7    Int: 12    God:
Gold:   64         SH:  0    Dex: 17    Spells: 3/3 levels left

rFire   . . .        a - +3 dagger
rCold   . . .        (no shield)
rNeg    . . .        n - +0 ring mail
rPois   .            (no helmet)
rElec   .            c - +0 cloak
rCorr   .            j - +0 pair of gloves
SInv    .            (no boots)
Will    .....        (no amulet)
Stlth   ++           (no ring)
HPRegen 0.25/turn    (no ring)
MPRegen 0.09/turn

%: no passive effects
@: grasped by roots, slowed, constricted, very slow
A: hooves 1, demonic guardian 1
a: no special abilities


You were on level 2 of the Dungeon.
You visited 1 branch of the dungeon, and saw 2 of its levels.

You collected 64 gold pieces.

Inventory:

Hand Weapons
 a - a +3 dagger (weapon)
Missiles
 d - 9 poisoned darts (quivered)
 e - 3 curare-tipped darts
 k - 2 boomerangs
Armour
 c - a +0 cloak (worn)
 j - a +0 pair of gloves (worn)
 n - a +0 ring mail (worn)
Scrolls
 f - 2 scrolls of identify {unknown}
 g - a scroll of magic mapping {unknown}
 m - a scroll of poison {unknown}
 o - a scroll of fear {unknown}
 q - a scroll of teleportation {unknown}
Potions
 b - a potion of mutation {unknown}
 h - a potion of haste {unknown}
 i - a potion of ambrosia {unknown}
 l - 2 potions of curing {unknown}
 p - a potion of flight {unknown}


   Skills:
 + Level 3.2 Fighting
 * Level 3.8 Short Blades
 - Level 1.7 Throwing
 - Level 0.8 Dodging
 - Level 3.6 Stealth


You had 3 spell levels left.
You didn't know any spells.
Your spell library contained the following spells:

 Spells                   Type           Power      Damage    Failure   Level
 Magic Dart               Conj           0%         1d3       63%         1
 Call Imp                 Summ           0%         N/A       77%         2
 Mephitic Cloud           Conj/Pois/Air  0%         N/A       94%         3
 Alistair's Intoxication  Tmut/Pois      0%         N/A       100%        5
 Borgnjor's Vile Clutch   Necr/Erth      0%         N/A       100%        5
 Eringya's Noxious Bog    Tmut/Pois      0%         N/A       100%        6


Dungeon Overview and Level Annotations

Branches:
Dungeon (2/15)

Altars:

Annotations:
D:2 1 runed translucent door, Crazy Yiuf, Natasha


Innate Abilities, Weirdness & Mutations

You have large cloven feet.
A weak demonic guardian rushes to your aid.


Message History

Your quasit bites Natasha.
Your quasit claws Natasha but does no damage.
Your quasit claws Natasha.
Natasha barely misses you. The grasping roots constrict you.
Your quasit bites Natasha but does no damage.
Your quasit misses Natasha.
Your quasit claws Natasha.
Natasha casts a spell.
The grasping roots constrict you.
The grasping roots release their grip on you.
You hit Natasha.
You kill Natasha!
Suddenly Natasha's spirit rises from her lifeless body.
The cerulean imp disappears in a puff of smoke!
You start resting.
Natasha, Servant of Life and Death comes into view.
She is carrying a wand of roots (3).
Natasha zaps a wand.
The roots erupt in riotous growth!
Roots grab your quasit.
The grasping roots constrict your quasit.
Your quasit dies!
Your quasit disappears in a puff of smoke!
Natasha is nearby!
Natasha zaps a wand.
The roots erupt in riotous growth!
The grasping roots grab you! The grasping roots constrict you.
* * * LOW HITPOINT WARNING * * *
You escape the roots grasp.
You barely miss Natasha.
Natasha zaps a wand.
The roots erupt in riotous growth!
The grasping roots grab you!
Natasha is unaffected.
The now-empty wand crumbles to dust.
The grasping roots constrict you.
* * * LOW HITPOINT WARNING * * *
You closely miss Natasha. Natasha claws you.
* * * LOW HITPOINT WARNING * * *
A demonic guardian appears!
The grasping roots constrict you.
* * * LOW HITPOINT WARNING * * *
You hit Natasha but do no damage.
Natasha casts a spell.
The grasping roots constrict you.
You die...

################
##..............########
####........#..............
.............#############
#............#.P.#.#.P.#.
#.........5..#.#.#.#.#.#.
#.......@.....P...PP..... #
#.....>.h....#.#.#.#.#.#. ###
###....5...#..#...#_#.P.#.
..######.รท........#..#.#.#.#.#.#.
#..##.............<..........PPP.
.[.....>#............#.#.#P#.#.#.
.######..............#...#P#.P$#.
....................#############
#########........................


You could see Natasha (ally target), a cerulean imp (summoned) and a friendly
iron imp (summoned).

Vanquished Creatures
  Natasha (twice) (D:2)
  A gnoll (D:1)
  4 worms (D:2)
  2 dart slugs (D:1)
  3 ball pythons
  4 endoplasms
  A giant cockroach (D:2)
  A goblin (D:1)
  3 hobgoblins
  4 kobolds
  2 quokkas (D:1)
  2 bats
  3 frilled lizards
  2 rats
34 creatures vanquished.

Notes
Turn   | Place    | Note
-------+----------+-------------------------------------------
     0 | D:1      | porpoise the Demonspawn Brigand began the quest for the
                  | Orb.
     0 | D:1      | Reached XP level 1. HP: 16/16 MP: 1/1
    82 | D:1      | Gained mutation: A weak demonic guardian rushes to your
                  | aid. [demonic ancestry]
    82 | D:1      | Reached XP level 2. HP: 16/22 MP: 2/2
   177 | D:1      | HP: 1/22 [gnoll/+0 spear (5)]
   425 | D:1      | Gained mutation: You have large cloven feet. [demonic
                  | ancestry]
   425 | D:1      | Reached XP level 3. HP: 28/28 MP: 3/3
  1485 | D:2      | Found a runed translucent door.
  1486 | D:2      | Noticed Crazy Yiuf
  1592 | D:2      | Noticed Natasha
  1605 | D:2      | Killed Natasha
  1606 | D:2      | Reached XP level 4. HP: 22/35 MP: 4/4
  1687 | D:2      | Found a faded altar of an unknown god.
  1692 | D:2      | Noticed Natasha
  1703 | D:2      | Killed Natasha
  1707 | D:2      | Noticed Natasha
  1712 | D:2      | HP: 1/35 [constriction (4)]
  1713 | D:2      | Constricted to death by Natasha

Illustrated notes

Levels and vault maps discovered:
D:1:      sevenhm_arrival_forest_fort_large_4, layout_basic, minmay_box_of_dots
D:2:      layout_rooms, shapermc_ecumenical_altar_mp_urbaneastern,
          uniq_crazy_yiuf_cottage, uniq_natasha

Skill      XL: |  1  2  3 |
---------------+----------+-----
Short Blades   | 2 3 |  3.8
Fighting       | 3 |  3.2
Throwing       | |  1.7
Dodging        | |  0.8
Stealth        | |  3.6

Action                     |  1- 3 |  4- 6 || total
---------------------------+-------+-------++-------
  Melee: Dagger            |   105 |     9 ||   114
         Kick              |    26 |     1 ||    27
   Stab: Distracted        |     1 |       ||     1
         Sleeping          |     4 |       ||     4
 Armour: Robe              |    15 |       ||    15
         Ring mail         |     2 |     1 ||     3
  Dodge: Dodged            |    46 |     2 ||    48
